 Dungeon Crawl Stone Soup version 0.21.1-68-g103a7afc0a (webtiles) character file.

9349 Pisosu the Quickloader (level 11, -3/104 HPs)
             Began as a Minotaur Hunter on Aug 2, 2018.
             Was a High Priest of Okawaru.
             Slain by a crocodile (13 damage)
             ... on level 1 of the Lair of Beasts.
             The game lasted 00:36:38 (8394 turns).

Pisosu the Quickloader (Minotaur Hunter)            Turns: 8394, Time: 00:36:39

Health: -3/104     AC:  6    Str: 18    XL:     11   Next: 21%
Magic:  10/10      EV: 13    Int:  8    God:    Okawaru [*****.]
Gold:   219        SH:  3    Dex: 13    Spells: 10/10 levels left

rFire    . . .     SeeInvis .   a - +1 hand crossbow
rCold    . . .     Gourm    .   N - +0 buckler
rNeg     . . .     Faith    .   u - +0 ring mail
rPois    .         Spirit   .   (helmet restricted)
rElec    .         Reflect  .   (no cloak)
rCorr    .         Harm     .   (no gloves)
MR       .....                  (no boots)
Stlth    +.........             t - amulet of regeneration
HPRegen  0.67/turn              h - ring of fire
MPRegen  0.12/turn              I - ring of ice

@: no status effects
A: retaliatory headbutt, horns 2
a: Heroism, Finesse, Renounce Religion


You were on level 1 of the Lair of Beasts.
You worshipped Okawaru.
Okawaru was extremely pleased with you.
You were not hungry.

You visited 3 branches of the dungeon, and saw 11 of its levels.

You collected 540 gold pieces.
You spent 321 gold pieces at shops.

Inventory:

Hand Weapons
 a - a +1 hand crossbow (weapon)
 b - a +0 short sword
 x - a +1 scimitar of flaming
Missiles
 K - 112 bolts (quivered)
Armour
 r - a +0 plate armour
 u - a +0 ring mail (worn)
 A - the +0 ring mail "Xynyxo" {rC- Slay+3 SInv, unknown}
   (Okawaru gifted it to you on level 9 of the Dungeon)

   It affects your accuracy and damage with ranged weapons and melee attacks
   (+3).
   It makes you vulnerable to cold.
   It lets you see invisible.
 N - a +0 buckler (worn)
Magical Staves
 F - an uncursed staff of summoning
Jewellery
 h - a ring of fire (left hand)
 t - an amulet of regeneration (around neck)
 I - a ring of ice (right hand)
Wands
 s - a wand of iceblast (22)
 B - a wand of disintegration (30)
 G - a wand of digging (9)
 J - a wand of paralysis (14)
Scrolls
 c - a scroll of blinking {unknown}
 d - a scroll of immolation {unknown}
 j - 2 scrolls of magic mapping {unknown}
 k - 2 scrolls of fog {unknown}
 l - 4 scrolls of enchant weapon {unknown}
 m - 2 scrolls of enchant armour {unknown}
 p - 2 scrolls of fear {unknown}
 q - 5 scrolls of identify
 v - 5 scrolls of remove curse {unknown}
 w - 2 scrolls of random uselessness {unknown}
 y - 2 scrolls of amnesia {unknown}
 E - 3 scrolls of teleportation {unknown}
Potions
 e - 4 potions of brilliance
 g - a potion of might
 i - a potion of cancellation {unknown}
 n - a potion of flight
 o - 7 potions of curing
 z - a potion of degeneration
 C - 2 potions of lignification
 D - 3 potions of heal wounds {unknown}
 H - a potion of berserk rage {unknown}
 L - a potion of agility
Comestibles
 f - 26 rations
 M - a chunk of flesh


   Skills:
 + Level 11.8 Fighting
 - Level 3.6(3.9) Short Blades
 - Level 2.3(3.5) Long Blades
   Level 1.1 Polearms
 + Level 11.9 Crossbows
 + Level 8.7 Armour
 + Level 6.5 Dodging
 - Level 0.7 Stealth
 + Level 0.2 Shields


You had 10 spell levels left.
You didn't know any spells.

Dungeon Overview and Level Annotations

Branches:
Dungeon (9/15)             Temple (1/1) D:4            Lair (1/6) D:9
    Orc: D:9-12

Altars:
Ashenzari
Dithmenos
Elyvilon
Kikubaaqudgha
Okawaru
Sif Muna
Trog
Uskayaw
Vehumet
Wu Jian
Xom
Zin

Shops:
D:8 %%(*


Innate Abilities, Weirdness & Mutations

You reflexively headbutt those who attack you in melee.
You have a pair of horns on your head.


Message History

You furiously retaliate!
You headbutt the water moccasin. The crocodile bites you!
* * * LOW HITPOINT WARNING * * *
The water moccasin barely misses you. The crocodile bites you!
* * * LOW HITPOINT WARNING * * *
Wield which item (- for none, * to show all)? (? for menu, Esc to quit)
Okay, then.
Okay, then.
You feel better. The water moccasin barely misses you. You furiously retaliate!
You headbutt the water moccasin! The crocodile bites you!
* * * LOW HITPOINT WARNING * * *
Firing (i - inventory):
K - 113 bolts (quivered)
Press: ? - help, Shift-Dir - straight line, f/p - crocodile
Aim: a crocodile (severely wounded)
You shoot a bolt. The bolt closely misses the crocodile.
The water moccasin bites you.
* * * LOW HITPOINT WARNING * * *
The water moccasin closely misses you. You furiously retaliate!
You headbutt the water moccasin. The crocodile bites you!
You die...

♣.♣♣
♣♣.♣♣.♣..♣♣
#. ♣♣.♣
♣♣...♣♣..♣
#. ♣.♣♣
♣♣♣♣♣♣♣.♣♣
#. ♣♣.♣
♣..♣♣ #.
♣.♣♣ ♣♣♣)♣
#. ♣♣.♣ ♣.♣
#. ♣.♣♣ ♣♣
♣.♣♣ #.
♣♣.♣♣.♣
♣♣.♣ #.
♣♣.@S♣ ♣.♣
#. ♣♣♣t..♣
♣†♣♣ #.
...$♣ ♣♣.♣♣
#. ..$.♣
♣..♣ #.
...(♣ ♣♣>♣
#. ♣(.♣♣
♣♣♣ #[ ♣♣♣
#. #. ..


You could see a water moccasin and a crocodile.

Vanquished Creatures
  Erica (D:8)
  A two-headed ogre (D:8)
  Pikel (D:9)
  3 hippogriffs
  7 spriggans
  A wyvern (D:9)
  5 yaks (D:9)
  Grum (D:8)
  2 hungry ghosts
  2 water moccasins
  Duvessa (D:6)
  2 ice beasts
  2 porcupines
  3 orc warriors
  A necrophage (D:7)
  A slave (D:9)
  2 sky beasts
  2 centaurs (D:7)
  4 ogres
  4 wolves (D:8)
  6 crocodiles
  2 big kobolds (D:7)
  7 bullfrogs
  2 scorpions
  Dowan (D:6)
  9 killer bees
  4 wights (D:7)
  3 howler monkeys
  A crimson imp (D:6)
  2 centaur zombies
  2 bullfrog skeletons
  3 hounds
  2 jellies (D:7)
  4 orc wizards
  A gnoll shaman (D:4)
  An orc priest (D:4)
  3 centaur skeletons
  An iguana (D:9)
  5 worker ants
  A worker ant zombie (D:5)
  5 gnolls (D:4)
  7 adders
  3 oozes
  3 adder skeletons
  A worm (D:2)
  2 dart slugs (D:1)
  4 leopard geckos
  10 orcs
  6 bats
  7 giant cockroaches
  4 goblins
  5 hobgoblins
  3 jackals (D:2)
  16 kobolds
  4 quokkas
  2 ball pythons
  5 frilled lizards
  9 rats
202 creatures vanquished.

Notes
Turn   | Place    | Note
-------+----------+-------------------------------------------
     0 | D:1      | Pisosu the Minotaur Hunter began the quest for the Orb.
     0 | D:1      | Reached XP level 1. HP: 18/18 MP: 0/0
   181 | D:1      | Reached XP level 2. HP: 25/25 MP: 1/1
   365 | D:1      | Reached skill level 5 in Crossbows
   597 | D:1      | Reached XP level 3. HP: 30/30 MP: 2/2
  1028 | D:2      | Found a shattered altar of Ashenzari.
  1910 | D:3      | Reached XP level 4. HP: 38/38 MP: 3/3
  2073 | D:3      | Found a deep blue altar of Sif Muna.
  2075 | D:3      | Found an ancient bone altar of Kikubaaqudgha.
  2075 | D:3      | Found a glowing golden altar of the Shining One.
  2077 | D:3      | Found a deep blue altar of Sif Muna.
  2077 | D:3      | Found a shattered altar of Ashenzari.
  2077 | D:3      | Found a shimmering altar of Xom.
  2350 | D:3      | Reached skill level 1 in Armour
  2790 | D:4      | Found a staircase to the Ecumenical Temple.
  2797 | Temple   | Entered the Ecumenical Temple
  2806 | Temple   | Became a worshipper of Warmaster Okawaru
  2849 | D:4      | Reached XP level 5. HP: 45/45 MP: 4/4
  3271 | D:4      | Reached XP level 6. HP: 44/52 MP: 5/5
  3453 | D:5      | Entered Level 5 of the Dungeon
  3560 | D:5      | Reached * piety under Okawaru
  3971 | D:6      | Noticed an orc warrior
  4039 | D:6      | Noticed a sky beast
  4053 | D:6      | Killed a sky beast
  4053 | D:6      | Reached skill level 5 in Fighting
  4053 | D:6      | Reached XP level 7. HP: 55/61 MP: 6/6
  4070 | D:6      | Reached ** piety under Okawaru
  4463 | D:6      | Noticed Dowan
  4471 | D:6      | Killed Dowan
  4478 | D:6      | Noticed Duvessa
  4485 | D:6      | Killed Duvessa
  4485 | D:6      | Reached XP level 8. HP: 66/70 MP: 7/7
  5055 | D:6      | Reached *** piety under Okawaru
  5081 | D:6      | Reached skill level 10 in Crossbows
  5312 | D:7      | Reached skill level 5 in Armour
  5358 | D:7      | Reached XP level 9. HP: 70/79 MP: 8/8
  5552 | D:7      | Reached skill level 1 in Short Blades
  5674 | D:7      | Reached **** piety under Okawaru
  5781 | D:7      | Reached skill level 1 in Polearms
  6000 | D:7      | Received a gift from Okawaru
  6157 | D:8      | Noticed Erica
  6187 | D:8      | Found Owujih's Food Boutique.
  6224 | D:8      | Found Poyleik's Weapon Boutique.
  6575 | D:8      | Received a gift from Okawaru
  6616 | D:8      | Reached skill level 5 in Dodging
  6630 | D:8      | Found Unlaf's Assorted Antiques.
  6646 | D:8      | Bought an encrusted marble ring for 135 gold pieces
  6691 | D:8      | Bought a scroll labeled XIUWUMMEJY for 27 gold pieces
  6691 | D:8      | Bought a scroll labeled MIUR GAICENEKIOT for 27 gold pieces
  6691 | D:8      | Bought an amethyst potion for 24 gold pieces
  6691 | D:8      | Bought a scroll labeled WIERIOJ YHYTOD for 27 gold pieces
  6691 | D:8      | Bought a potion of curing for 81 gold pieces
  6698 | D:8      | Noticed Grum
  6705 | D:8      | Reached XP level 10. HP: 80/91 MP: 9/9
  6712 | D:8      | Killed Grum
  6794 | D:8      | Killed Erica
  6794 | D:8      | Reached ***** piety under Okawaru
  6794 | D:8      | Received a gift from Okawaru
  6794 | D:8      | Reached skill level 10 in Fighting
  6893 | D:8      | Found Ohej's Food Shoppe.
  6895 | D:8      | Noticed a two-headed ogre
  6901 | D:8      | Killed a two-headed ogre
  7271 | D:9      | Received a gift from Okawaru
  7395 | D:9      | Received a gift from Okawaru
  7464 | D:9      | Found a staircase to the Lair.
  7510 | D:9      | Noticed Pikel
  7517 | D:9      | Killed Pikel
  7517 | D:9      | Received a gift from Okawaru
  7539 | D:9      | Got a slimy ring mail {god gift}
  7576 | D:9      | Found a bloodstained altar of Trog.
  7594 | D:9      | Reached XP level 11. HP: 102/102 MP: 10/10
  7861 | Lair:1   | Entered Level 1 of the Lair of Beasts
  7876 | Lair:1   | Reached skill level 1 in Long Blades
  8394 | Lair:1   | Slain by a crocodile

Skill      XL: |  1  2  3  4  5  6  7  8  9 10 11 |
---------------+----------------------------------+-----
Crossbows      | 5 6 7 9 10 11 | 11.9
Fighting       | 3 4 5 6 7 9 11 | 11.8
Armour         | 1 2 3 5 7 8 |  8.7
Dodging        | 3 5 6 |  6.5
Short Blades   | 3 |  3.6
Polearms       | 1 |  1.1
Long Blades    | 2 |  2.3
Stealth        | |  0.7
Shields        | |  0.2

Action                   |  1- 3 |  4- 6 |  7- 9 | 10-12 || total
-------------------------+-------+-------+-------+-------++-------
Melee: Short sword       |       |       |    42 |       ||    42
       Headbutt          |       |       |    10 |     5 ||    15
       Trident           |       |       |    17 |       ||    17
       Scimitar          |       |       |       |    24 ||    24
 Fire: Hand crossbow     |    88 |   136 |   214 |   191 ||   629
  Use: Potion            |       |       |     7 |     2 ||     9
       Scroll            |       |       |     1 |       ||     1
  Eat: Chunk             |     1 |     4 |     5 |     5 ||    15
       Ration            |       |     2 |     1 |     1 ||     4
Armor: Leather armour    |     5 |       |       |       ||     5
       Ring mail         |     1 |    22 |    56 |    34 ||   113
Dodge: Dodged            |    17 |    26 |   135 |    97 ||   275
Block: Buckler           |       |       |       |     5 ||     5
       Rpst.: Scimitar   |       |       |       |     8 ||     8
